 Dungeon Crawl Stone Soup version 0.27.0-1-g7a089689b8 (webtiles) character file.

Game seed: 2790283636808125018

21 butteredtoast the Caller (level 2, 0/15 HPs)
             Began as a Deep Elf Summoner on Aug 3, 2021.
             Slain by a jackal (1 damage)
             ... on level 2 of the Dungeon.
             The game lasted 00:02:49 (1443 turns).

butteredtoast the Caller (Deep Elf Summoner)        Turns: 1443, Time: 00:02:49

Health: 0/15       AC:  2    Str:  5    XL:     2   Next: 62%
Magic:  4/8        EV: 12    Int: 19    God:
Gold:   39         SH:  0    Dex: 15    Spells: 7/8 levels left

rFire    . . .     SeeInvis .   e - +0 short sword (venom)
rCold    . . .     Faith    .   (no shield)
rNeg     . . .     Spirit   .   a - +0 robe
rPois    .         Reflect  .   (no helmet)
rElec    .         Harm     .   (no cloak)
rCorr    .         Rampage  .   (no gloves)
Will     .....                  (no boots)
Stlth    ++........             (no amulet)
HPRegen  0.05/turn              (no ring)
MPRegen  0.11/turn              (no ring)

@: no status effects
A: no striking features
a: no special abilities


You were on level 2 of the Dungeon.
You visited 1 branch of the dungeon, and saw 2 of its levels.

You collected 39 gold pieces.

Inventory:

Hand Weapons
 e - a +0 short sword of venom (weapon)
Armour
 a - a +0 robe (worn)
Scrolls
 b - a scroll of immolation {unknown}
 d - a scroll of identify {unknown}
 f - a scroll of vulnerability {unknown}
Potions
 c - a potion of curing {unknown}
 g - a potion of attraction {unknown}


   Skills:
 - Level 2.4 Dodging
 - Level 2.4 Stealth
 + Level 3.5 Spellcasting
 * Level 5.0 Summonings


You had 7 spell levels left.
You knew the following spells:

 Your Spells              Type           Power      Damage    Failure   Level
a - Summon Small Mammal   Summ           88%        N/A       1%          1

Your spell library contained the following spells:

 Spells                   Type           Power      Damage    Failure   Level
 Call Imp                 Summ           22%        N/A       2%          2
 Call Canine Familiar     Summ           22%        N/A       5%          3
 Summon Guardian Golem    Hex/Summ       12%        N/A       16%         3
 Stone Arrow              Conj/Erth      6%         3d7       41%         3
 Animate Armour           Summ/Erth      24%        N/A       45%         4
 Summon Lightning Spire   Summ/Air       12%        N/A       45%         4
 Lehudib's Crystal Spear  Conj/Erth      1%         10d2      100%        8


Dungeon Overview and Level Annotations

Branches:
Dungeon (2/15)

Altars:


Message History

The jackal bites you.
* * * LOW HITPOINT WARNING * * *
Your quokka misses the jackal.
Your quokka barely misses the jackal.
You swap places.
Your bat closely misses the jackal.
Your bat hits the jackal but does no damage.
Your bat barely misses the jackal.
The jackal misses your bat.
The jackal bites you but does no damage.
The jackal barely misses your bat.
Your quokka misses the jackal.
Your quokka closely misses the jackal.
The jackal completely misses you.
Your bat barely misses the jackal.
Your bat hits the jackal.
Your bat hits the jackal but does no damage.
Your bat hits the jackal.
Your quokka bites the jackal but does no damage.
Your bat misses the jackal.
Your bat closely misses the jackal.
Your bat hits the jackal but does no damage.
The jackal bites your bat.
Your bat dies!
Your bat's corpse disappears in a puff of smoke!
The jackal bites your bat.
Your bat dies!
Your bat's corpse disappears in a puff of smoke!
Your quokka bites the jackal.
The jackal barks!
Casting: Summon Small Mammal (safe; 1% risk of failure)
Confirm with . or Enter, or press ? or * to list all spells.
Your quokka barely misses the jackal.
Your quokka bites the jackal.
The jackal dies!
The jackal barely misses you.
Your quokka barely misses the jackal.
Your quokka bites the jackal.
Your quokka barely misses the jackal.
You closely miss the jackal.
The jackal is severely wounded.
Your quokka closely misses the jackal.
Your quokka bites the jackal.
The jackal dies!
The jackal bites you.
* * * LOW HITPOINT WARNING * * *
You closely miss the jackal.
The jackal is severely wounded.
Your quokka barely misses the jackal.
The jackal bites you.
You die...

.....# #.........
....# #[....###. .
#...# #......... ...
#...# #.#.......
....# #..#
#.#.#.#...
......##.r#
#.#.......
......†.rr#
#.#.#.)...
..#+###.#h#
#......... #.#@#
###.##.#.# #.#.#
#.........
#.#.#######.#.##.#.#
#.....##............
#...#.##.##.#.##.#.#
#........##.#.##.#.#
#........##...# .#.
#.#.#.#.####...
#......... ...


You could see a jackal (ally target) and 3 friendly quokkas.

Vanquished Creatures
  A giant cockroach (D:2)
  A hobgoblin (D:1)
  2 bats
  A kobold (D:1)
  A rat (D:1)
6 creatures vanquished.

Vanquished Creatures (collateral kills)
  2 dart slugs
  2 endoplasms
  2 hobgoblins (D:1)
  2 jackals (D:2)
  A ball python (D:1)
  A bat (D:1)
  4 frilled lizards (D:1)
  3 goblins
  2 kobolds (D:1)
  A rat (D:1)
20 creatures vanquished.

Vanquished Creatures (others)
  A plant (D:1)
1 creature vanquished.

Grand Total: 27 creatures vanquished

Notes
Turn   | Place    | Note
-------+----------+-------------------------------------------
     0 | D:1      | butteredtoast the Deep Elf Summoner began the quest for the
                  | Orb.
     0 | D:1      | Reached XP level 1. HP: 10/10 MP: 6/6
   444 | D:1      | Reached XP level 2. HP: 15/15 MP: 8/8
   712 | D:1      | Found a faded altar of an unknown god.
  1398 | D:2      | Reached skill level 5 in Summonings
  1443 | D:2      | Slain by a jackal

Illustrated notes

Levels and vault maps discovered:
D:1:      lemuel_arrival_river_ford, layout_rooms,
          shapermc_ecumenical_altar_ellora, chequers_serial_rivers_large_a
D:2:      layout_basic, serial_shops, shop, uniq_terence

Skill      XL: |  1  2 |
---------------+-------+-----
Summonings     | 5 |  5.0
Dodging        | |  2.4
Stealth        | |  2.4
Spellcasting   | |  3.5

Action                   || total
-------------------------++-------
Melee: Unarmed           ||     2
       Short sword       ||    14
 Cast: Summon Small Mamm ||    40
 Stab: Sleeping          ||     2
Armor: Robe              ||    17
Dodge: Dodged            ||    40
